BR
YELLOWKNIFE CLAWS @ ELKINS STING RAYS
09/07/2026
 
TOP OF THE 1ST
Yellowknife Claws batting - Pitching for Elkins Sting Rays : RHP Mike Clay
Pitching: RHP Mike Clay
Batting: SHB José Castillo 0-0: Bunt for hit - play at first, batter OUT! 3-4
Batting: RHB Scotty Hicks 0-0: Ball
1-0: Ball
2-0: Called Strike
2-1: Foul Ball, location: 2F
2-2: Ball
3-2: Ground out 4-3 (Groundball, 4)
Batting: LHB Carter Sweet 0-0: Called Strike
0-1: Swinging Strike
0-2: Ball
1-2: SINGLE (Line Drive, 89M)
Batting: SHB Héctor Padilla 0-0: Foul Ball, location: 2F
0-1: Ball
1-1: Swinging Strike
1-2: Foul Ball, location: 2F
1-2: Strikes out swinging
Top of the 1st over - 0 run(s), 1 hit(s), 0 error(s), 1 left on base; Yellowknife 0 - Elkins 0
BOTTOM OF THE 1ST
Elkins Sting Rays batting - Pitching for Yellowknife Claws : RHP Stephen Horton
Pitching: RHP Stephen Horton
Batting: RHB Marcos García 0-0: Called Strike
0-1: Ball
1-1: Called Strike
1-2: Strikes out swinging
Batting: RHB Salvador Mendoza 0-0: Swinging Strike
0-1: Foul Ball, location: 2F
0-2: Ball
1-2: Ball
2-2: Hit by Pitch
Batting: RHB Julian Lee 0-0: Called Strike
0-1: Ball
1-1: Ball
2-1: Called Strike
2-2: Foul Ball, location: 2F
2-2: Ball
3-2: Foul Ball, location: 2F
3-2: SINGLE (Groundball, 56D)
Salvador Mendoza to second
Batting: RHB Wilfred Martin 0-0: Ball
1-0: Fly out, F9 (Flyball, 9LM)
Batting: SHB Ángel González 0-0: Foul Ball, location: 2F
0-1: Swinging Strike
0-2: Ball
1-2: Ball
2-2: Foul Ball, location: 2F
2-2: Ball
3-2: Ground out U3 (Groundball, 3S)
Bottom of the 1st over - 0 run(s), 1 hit(s), 0 error(s), 2 left on base; Yellowknife 0 - Elkins 0
TOP OF THE 2ND
Yellowknife Claws batting - Pitching for Elkins Sting Rays : RHP Mike Clay
Batting: LHB Howard White 0-0: Ball
1-0: Ball
2-0: Called Strike
2-1: Foul Ball, location: 2F
2-2: SINGLE (Groundball, 4MD)
Batting: LHB Juan Lima 0-0: Ball
1-0: Called Strike
1-1: Called Strike
1-2: Ball
2-2: Ball
3-2: Foul Ball, location: 2F
3-2: SINGLE (Line Drive, 4MD)
Howard White to second
Batting: RHB Charlie Pérez 0-0: Swinging Strike
0-1: Swinging Strike
0-2: Strikes out looking
Batting: RHB Carlos Uribe 0-0: Fly out, F6 (Popup, 6)
Batting: RHB Cris Lugo 0-0: Called Strike
0-1: Called Strike
0-2: Ball
1-2: Strikes out looking
Top of the 2nd over - 0 run(s), 2 hit(s), 0 error(s), 2 left on base; Yellowknife 0 - Elkins 0
BOTTOM OF THE 2ND
Elkins Sting Rays batting - Pitching for Yellowknife Claws : RHP Stephen Horton
Batting: RHB José Ramos 0-0: Ball
1-0: Foul Ball, location: 2F
1-1: Ball
2-1: Foul Ball, location: 2F
2-2: SINGLE (Groundball, 56D)
Batting: LHB Ángel Flores 0-0: Ball
1-0: Called Strike
1-1: Ball
2-1: SINGLE (Flyball, 8LS)
José Ramos to second
Batting: RHB Jorge Paredes 0-0: Ball
Passed Ball!
José Ramos to third
Ángel Flores to second
1-0: Ground out 5-3 (Groundball, 56)
José Ramos scores
Batting: RHB Alfonso Sánchez 0-0: Foul Ball, location: 2F
0-1: Fly out, F3 (Popup, 3L)
Batting: RHB Marcos García 0-0: Foul Ball, location: 2F
0-1: Foul Ball, location: 2F
0-2: Foul Ball, location: 2F
0-2: Strikes out swinging
Bottom of the 2nd over - 1 run(s), 2 hit(s), 0 error(s), 1 left on base; Yellowknife 0 - Elkins 1
TOP OF THE 3RD
Yellowknife Claws batting - Pitching for Elkins Sting Rays : RHP Mike Clay
Batting: SHB José Castillo 0-0: Foul Ball, location: 2F
0-1: Ball
1-1: Bunt missed!
1-2: Foul Ball, location: 2F
1-2: Ground out 4-3 (Groundball, 4)
Batting: RHB Scotty Hicks 0-0: Swinging Strike
0-1: Ball
1-1: Foul Ball, location: 2F
1-2: Ball
2-2: Strikes out swinging
Batting: LHB Carter Sweet 0-0: Foul Ball, location: 2F
0-1: Foul Ball, location: 2F
0-2: Strikes out swinging
Top of the 3rd over - 0 run(s), 0 hit(s), 0 error(s), 0 left on base; Yellowknife 0 - Elkins 1
BOTTOM OF THE 3RD
Elkins Sting Rays batting - Pitching for Yellowknife Claws : RHP Stephen Horton
Batting: RHB Salvador Mendoza 0-0: Foul Ball, location: 2F
0-1: Swinging Strike
0-2: Strikes out swinging
Batting: RHB Julian Lee 0-0: Foul Ball, location: 2F
0-1: Ball
1-1: Ball
2-1: Ball
3-1: Foul Ball, location: 2F
3-2: Foul Ball, location: 2F
3-2: Base on Balls
Batting: RHB Wilfred Martin 0-0: Called Strike
Julian Lee steals 2nd base
0-1: Ball
1-1: Ground out 5-3 (Groundball, 15S)
Julian Lee to third
Batting: SHB Ángel González 0-0: Swinging Strike
0-1: Swinging Strike
0-2: Ball
1-2: Strikes out swinging
Bottom of the 3rd over - 0 run(s), 0 hit(s), 0 error(s), 1 left on base; Yellowknife 0 - Elkins 1
TOP OF THE 4TH
Yellowknife Claws batting - Pitching for Elkins Sting Rays : RHP Mike Clay
Batting: SHB Héctor Padilla 0-0: Called Strike
0-1: Foul Ball, location: 2F
0-2: Ball
1-2: Ball
2-2: Strikes out swinging, 2-3 out at first.
Batting: LHB Howard White 0-0: Ball
1-0: Ball
2-0: Ball
3-0: Base on Balls
Batting: LHB Juan Lima 0-0: Ball
1-0: Ball
2-0: Ball
3-0: Base on Balls
Howard White to second
Batting: RHB Charlie Pérez 0-0: Ball
1-0: Ball
2-0: Called Strike
2-1: SINGLE (Line Drive, 8RS)
Howard White to third
Juan Lima to second
Batting: RHB Carlos Uribe 0-0: Ball
1-0: Ball
2-0: Foul Ball, location: 2F
2-1: SINGLE (Groundball, 6MD) (infield hit)
Howard White scores
Juan Lima to third
Charlie Pérez to second
Batting: RHB Cris Lugo 0-0: Swinging Strike
0-1: Swinging Strike
0-2: Fly out, F9 (Flyball, 89M)
Pitching: RHP Cisco Caraballo
Batting: SHB José Castillo 0-0: Foul Ball, location: 2F
0-1: Ball
1-1: Ball
2-1: Ground out U3 (Groundball, 3)
Top of the 4th over - 1 run(s), 2 hit(s), 0 error(s), 3 left on base; Yellowknife 1 - Elkins 1
BOTTOM OF THE 4TH
Elkins Sting Rays batting - Pitching for Yellowknife Claws : RHP Stephen Horton
Batting: RHB José Ramos 0-0: Ground out 5-3 (Groundball, 56)
Batting: LHB Ángel Flores 0-0: Ball
1-0: Called Strike
1-1: Called Strike
1-2: Strikes out looking
Batting: RHB Jorge Paredes 0-0: Ball
1-0: Called Strike
1-1: Foul Ball, location: 2F
1-2: Ground out 1-3 (Groundball, 13S)
Bottom of the 4th over - 0 run(s), 0 hit(s), 0 error(s), 0 left on base; Yellowknife 1 - Elkins 1
TOP OF THE 5TH
Yellowknife Claws batting - Pitching for Elkins Sting Rays : RHP Cisco Caraballo
Batting: RHB Scotty Hicks 0-0: Foul Ball, location: 2F
0-1: Foul Ball, location: 2F
0-2: Ground out 6-3 (Groundball, 56)
Batting: LHB Carter Sweet 0-0: Ball
1-0: Ball
2-0: Ball
3-0: Called Strike
3-1: Base on Balls
Pitching: LHP Keith Jackson
Batting: SHB Héctor Padilla 0-0: Ball
1-0: Ball
2-0: Fielders Choice at 2nd, 6-4 (Groundball, 56)
Batting: LHB Howard White 0-0: Ball
1-0: Ball
2-0: Foul Ball, location: 2F
2-1: Swinging Strike
2-2: Ground out 4-3 (Groundball, 4)
Top of the 5th over - 0 run(s), 0 hit(s), 0 error(s), 1 left on base; Yellowknife 1 - Elkins 1
BOTTOM OF THE 5TH
Elkins Sting Rays batting - Pitching for Yellowknife Claws : RHP Stephen Horton
Batting: RHB Alfonso Sánchez 0-0: SINGLE (Groundball, 4MD)
Batting: RHB Marcos García 0-0: Ball
1-0: Ball
2-0: Ball
3-0: Foul Ball, location: 2F
3-1: Swinging Strike
3-2: Strikes out looking
Batting: RHB Salvador Mendoza 0-0: SINGLE (Flyball, 9S)
Alfonso Sánchez to second
Batting: RHB Julian Lee 0-0: Foul Ball, location: 2F
0-1: Ball
1-1: Called Strike
1-2: Ball
2-2: Fly out, F8 (Flyball, 8RM)
Batting: RHB Wilfred Martin 0-0: Called Strike
0-1: Fly out, F1 (Popup, 25)
Bottom of the 5th over - 0 run(s), 2 hit(s), 0 error(s), 2 left on base; Yellowknife 1 - Elkins 1
TOP OF THE 6TH
Yellowknife Claws batting - Pitching for Elkins Sting Rays : LHP Keith Jackson
Batting: LHB Juan Lima 0-0: Called Strike
0-1: Ball
1-1: Ball
2-1: Foul Ball, location: 2F
2-2: Fly out, F2 (Popup, 2L)
Batting: RHB Charlie Pérez 0-0: Ball
1-0: Called Strike
1-1: Ball
2-1: Swinging Strike
2-2: Foul Ball, location: 2F
2-2: Strikes out swinging
Batting: RHB Carlos Uribe 0-0: Ball
1-0: Ball
2-0: SINGLE (Groundball, 5D)
Batting: RHB Cris Lugo 0-0: Fly out, F6 (Line Drive, 6M)
Top of the 6th over - 0 run(s), 1 hit(s), 0 error(s), 1 left on base; Yellowknife 1 - Elkins 1
BOTTOM OF THE 6TH
Elkins Sting Rays batting - Pitching for Yellowknife Claws : RHP Stephen Horton
Batting: SHB Ángel González 0-0: Foul Ball, location: 2F
0-1: Swinging Strike
0-2: Foul Ball, location: 2F
0-2: Ground out 6-3 (Groundball, 6M)
Batting: RHB José Ramos 0-0: Called Strike
0-1: Foul Ball, location: 2F
0-2: Fly out, F9 (Flyball, 9S)
Batting: LHB Ángel Flores 0-0: Ball
1-0: Called Strike
1-1: Foul Ball, location: 2F
1-2: Foul Ball, location: 2F
1-2: Foul Ball, location: 2F
1-2: Ball
2-2: Ball
3-2: Base on Balls
Batting: RHB Jorge Paredes 0-0: Ball
Ángel Flores steals 2nd base
1-0: Foul Ball, location: 2F
1-1: Fly out, F5 (Line Drive, 5)
Bottom of the 6th over - 0 run(s), 0 hit(s), 0 error(s), 1 left on base; Yellowknife 1 - Elkins 1
TOP OF THE 7TH
Yellowknife Claws batting - Pitching for Elkins Sting Rays : LHP Keith Jackson
Batting: SHB José Castillo 0-0: Called Strike
0-1: Foul Ball, location: 2F
0-2: Foul Ball, location: 2F
0-2: Ball
1-2: Ball
2-2: Ball
3-2: Fly out, F9 (Flyball, 9M)
Batting: RHB Scotty Hicks 0-0: Called Strike
0-1: Ball
1-1: Called Strike
1-2: Foul Ball, location: 2F
1-2: Ground out 1-3 (Groundball, 15)
Batting: LHB Carter Sweet 0-0: Ball
1-0: Foul Ball, location: 2F
1-1: Ball
2-1: Ball
3-1: Base on Balls
Batting: SHB Héctor Padilla 0-0: Ball
1-0: Called Strike
1-1: Ball
2-1: SINGLE (Groundball, 13) (infield hit)
Carter Sweet to second
Pinch Runner at 2nd Fernando Álvarez:
Batting: LHB Howard White 0-0: Called Strike
0-1: Foul Ball, location: 2F
0-2: SINGLE (Groundball, 34D)
Fernando Álvarez to third
Héctor Padilla to second
Runner from 3rd tries for Home, SAFE, no throw or cutoff
Batting: LHB Juan Lima 0-0: Ball
1-0: Called Strike
1-1: SINGLE (Groundball, 34D)
Héctor Padilla to third
Howard White to second
Runner from 3rd tries for Home, SAFE, no throw or cutoff
Batting: RHB Charlie Pérez 0-0: Called Strike
0-1: SINGLE (Line Drive, 89S)
Howard White to third
Juan Lima to second
Runner from 3rd tries for Home, SAFE, no throw or cutoff
Batting: RHB Carlos Uribe 0-0: SINGLE (Groundball, 6D)
Juan Lima to third
Charlie Pérez to second
Runner from 3rd tries for Home, SAFE, no throw or cutoff
Batting: RHB Cris Lugo 0-0: TRIPLE (Line Drive, 8RM)
Charlie Pérez scores
Carlos Uribe scores
Batting: SHB José Castillo 0-0: Ball
1-0: Called Strike
1-1: Foul Ball, location: 2F
1-2: Ball
2-2: Foul Ball, location: 2F
2-2: SINGLE (Groundball, 13) (infield hit)
Cris Lugo scores
Batting: RHB Scotty Hicks 0-0: Called Strike
José Castillo is caught stealing 2nd base
Top of the 7th over - 7 run(s), 7 hit(s), 0 error(s), 0 left on base; Yellowknife 8 - Elkins 1
BOTTOM OF THE 7TH
Elkins Sting Rays batting - Pitching for Yellowknife Claws : RHP Stephen Horton
Now at SS: Fernando Álvarez
Batting: RHB Alfonso Sánchez 0-0: Ground out 6-3 (Groundball, 56)
Batting: RHB Marcos García 0-0: Called Strike
0-1: Ball
1-1: Foul Ball, location: 2F
1-2: Strikes out swinging
Batting: RHB Salvador Mendoza 0-0: Ball
1-0: Ball
2-0: Ball
3-0: Called Strike
3-1: Foul Ball, location: 2F
3-2: SINGLE (Flyball, 9LS)
Batting: RHB Julian Lee 0-0: SINGLE (Groundball, 6M)
Salvador Mendoza to second
Batting: RHB Wilfred Martin 0-0: Ball
1-0: Fielders Choice at 2nd, 5-4 (Groundball, 56)
Bottom of the 7th over - 0 run(s), 2 hit(s), 0 error(s), 1 left on base; Yellowknife 8 - Elkins 1
TOP OF THE 8TH
Yellowknife Claws batting - Pitching for Elkins Sting Rays : LHP Keith Jackson
Pitching: RHP Hang-ki Yue
Batting: RHB Scotty Hicks 0-0: SINGLE (Groundball, 56) (infield hit)
Batting: RHB Fernando Álvarez 0-0: Ball
1-0: Called Strike
1-1: Ball
2-1: Foul Ball, location: 2F
2-2: Ball
Throwing error on steal attempt, E2
Scotty Hicks to third
3-2: Base on Balls
Batting: SHB Héctor Padilla 0-0: Swinging Strike
0-1: Ball
1-1: Fly out, F8 (Line Drive, 8RM)
Runner from 3rd tags up, SCORES, no throw
Batting: LHB Howard White 0-0: Ball
1-0: SINGLE (Line Drive, 4M)
Fernando Álvarez to second
Batting: LHB Juan Lima 0-0: Ball
1-0: Ball
2-0: SINGLE (Line Drive, 9LS)
Fernando Álvarez to third
Howard White to second
Batting: RHB Charlie Pérez 0-0: Ball
1-0: Ball
2-0: Ball
3-0: Base on Balls
Fernando Álvarez scores
Howard White to third
Juan Lima to second
Batting: RHB Carlos Uribe 0-0: Called Strike
0-1: Foul Ball, location: 2F
0-2: Grounds into double play, 6-4-3 (Groundball, 6M)
Top of the 8th over - 2 run(s), 3 hit(s), 1 error(s), 2 left on base; Yellowknife 10 - Elkins 1
BOTTOM OF THE 8TH
Elkins Sting Rays batting - Pitching for Yellowknife Claws : RHP Stephen Horton
Pitching: RHP Bob Bishop
Batting: SHB Ángel González 0-0: Ball
1-0: SINGLE (Groundball, 56D)
Batting: RHB José Ramos 0-0: Ball
1-0: Called Strike
1-1: Fly out, F8 (Flyball, 8RS)
Pinch Hitting: LHB Brenton Carter 0-0: Ball
1-0: Swinging Strike
1-1: Foul Ball, location: 2F
1-2: Ball
2-2: Foul Ball, location: 2F
2-2: Foul Ball, location: 2F
2-2: Ball
3-2: Base on Balls
Ángel González to second
Batting: RHB Jorge Paredes 0-0: Ball
1-0: Called Strike
1-1: Ball
2-1: Ball
3-1: Fly out, F8 (Flyball, 8RM)
Batting: RHB Alfonso Sánchez 0-0: Ball
1-0: Ball
2-0: Foul Ball, location: 2F
2-1: Fly out, F8 (Flyball, 8RM)
Bottom of the 8th over - 0 run(s), 1 hit(s), 0 error(s), 2 left on base; Yellowknife 10 - Elkins 1
TOP OF THE 9TH
Yellowknife Claws batting - Pitching for Elkins Sting Rays : RHP Hang-ki Yue
Now in LF: Brenton Carter
Batting: RHB Cris Lugo 0-0: DOUBLE (Line Drive, 5L)
Batting: SHB José Castillo 0-0: Ball
1-0: Called Strike
1-1: Ball
2-1: Foul Ball, location: 2F
2-2: Ball
3-2: Foul Ball, location: 2F
3-2: Base on Balls
Batting: RHB Scotty Hicks 0-0: Ball
1-0: Ball
Cris Lugo steals 3rd base
José Castillo to second
2-0: Fly out, F8 (Flyball, 8RM)
Runner from 3rd tags up, SCORES, no throw
Pitching: RHP Juan González
Batting: RHB Fernando Álvarez 0-0: SINGLE (Line Drive, 34D)
José Castillo to third
Batting: SHB Héctor Padilla 0-0: Called Strike
0-1: Fly out, F3 (Line Drive, 34)
0-1: Lined into DP, U3 (Line Drive, 34)
Top of the 9th over - 1 run(s), 2 hit(s), 0 error(s), 1 left on base; Yellowknife 11 - Elkins 1
BOTTOM OF THE 9TH
Elkins Sting Rays batting - Pitching for Yellowknife Claws : RHP Bob Bishop
Batting: RHB Marcos García 0-0: SINGLE (Groundball, 56D)
Batting: RHB Salvador Mendoza 0-0: Ball
1-0: Foul Ball, location: 2F
1-1: Called Strike
1-2: Fly out, F9 (Flyball, 9D)
Batting: RHB Julian Lee
Pinch Hitting: RHB Dennis Mays 0-0: Fielders Choice at 2nd, 5-4 (Groundball, 5L)
Batting: RHB Wilfred Martin 0-0: Ball
1-0: Fielders Choice at 2nd, U4 (Groundball, 4M)
Bottom of the 9th over - 0 run(s), 1 hit(s), 0 error(s), 1 left on base; Yellowknife 11 - Elkins 1
Monday, December 5th, 2016 - OOTP Baseball 17.12 Build 75